Match 32682931
Unlisted

Match 32682931
End
Construct Weapon Support Center
Engineer Squad
Selects Special Operations Battlegroup
M1919 Machine Gun Team
Bazooka Squad
Construct Barracks
Riflemen Squad
Selects M29 Weasel with M1 Pack Howitzer
.30 cal Machine Gun
Construct Medical Station
M29 Weasel with M1 Pack Howitzer
Riflemen Squad
Riflemen Squad
Selects Raiding Flares
Selects SSF Commando Squad
AI Takeover
Vizze
Bruistablet
Professor gibberish
N4Z
White Conscript
bigridge69
appiah_Taha
Agienator
0
0

Comments sign in to comment!

No comments posted yet!